 Dungeon Crawl Stone Soup version 0.30-a0-629-gd54f4be4f7 (webtiles) character file.

Game seed: 18437665348710304817

3529 pokeman the Thaumaturge (level 9, -1/45 (51) HPs)
             Began as a Deep Elf Hedge Wizard on Jan 12, 2023.
             Was a Follower of Vehumet.
             Slain by a wight
             ... wielding a +4 scimitar
              (3 damage)
             ... on level 7 of the Dungeon.
             The game lasted 00:20:24 (8581 turns).

pokeman the Thaumaturge (Deep Elf Hedge Wizard)     Turns: 8581, Time: 00:20:25

HP:   -1/45 (51)    AC:  7    Str:  4    XL:     9   Next: 82%
MP:   18/27         EV: 12    Int: 27    God:    Vehumet [*.....]
Gold: 419           SH:  0    Dex: 19    Spells: 23/32 levels left

rFire   + . .      SeeInvis +    l - +7 whip "Oduados" {flame, Str+2}
rCold   . . .      Faith    .    (no shield)
rNeg    . . .      Spirit   .    n - +1 leather armour of the Abyss {Dex-2 SInv Stlth+}
rPois   .          Reflect  .    y - +1 helmet
rElec   .          Harm     .    (no cloak)
rCorr   .          Rampage  .    (no gloves)
Will    .....                    e - +0 pair of boots
Stlth   ++++                     (no amulet)
HPRegen 0.27/turn                q - ring of New Discoveries {Wiz Str-5 Int+3 Dex+7 Stlth+}
MPRegen 0.20/turn                t - ring of protection from fire

@: heavily drained
A: no striking features
a: Renounce Religion


You were on level 7 of the Dungeon.
You worshipped Vehumet.
Vehumet was aware of your devotion.
You visited 2 branches of the dungeon, and saw 8 of its levels.

You collected 419 gold pieces.

Inventory:

Hand Weapons
 l - the +7 whip "Oduados" (weapon) {flame, Str+2}
   (You found it on level 2 of the Dungeon)

   Str:       It affects your strength (+2).
Missiles
 B - a throwing net
Armour
 e - a +0 pair of boots (worn)
 n - the +1 leather armour of the Abyss (worn) {Dex-2 SInv Stlth+}
   (You found it on level 2 of the Dungeon)

   Dex:       It affects your dexterity (-2).
   SInv:      It lets you see invisible.
   Stlth:     It makes you more stealthy.
 y - a +1 helmet (worn)
Jewellery
 b - a ring of fire
 q - the ring of New Discoveries (left hand) {Wiz Str-5 Int+3 Dex+7 Stlth+}
   (You found it on level 3 of the Dungeon)

   [ring of wizardry]

   It improves your spell success rate.
   Str:       It affects your strength (-5).
   Int:       It affects your intelligence (+3).
   Dex:       It affects your dexterity (+7).
   Stlth:     It makes you more stealthy.
 t - a ring of protection from fire (right hand)
 v - a ring of ice
 G - an amulet of faith
Wands
 u - a wand of flame (23)
 I - a wand of mindburst (9)
 M - a wand of polymorph (6)
Scrolls
 a - 7 scrolls of enchant armour {unknown}
 c - 2 scrolls of amnesia {unknown}
 f - a scroll of torment {unknown}
 g - 3 scrolls of blinking {unknown}
 h - 2 scrolls of noise {unknown}
 k - 12 scrolls of identify {unknown}
 m - a scroll of silence {unknown}
 o - a scroll of fear {unknown}
 p - 5 scrolls of teleportation {unknown}
 z - a scroll of acquirement {unknown}
 D - 2 scrolls of fog {unknown}
 F - a scroll of enchant weapon {unknown}
 J - a scroll of vulnerability {unknown}
 K - a scroll of magic mapping {unknown}
 N - 2 scrolls of immolation {unknown}
Potions
 d - a potion of magic
 i - 2 potions of attraction
 j - 2 potions of cancellation {unknown}
 r - 2 potions of curing {unknown}
 s - 2 potions of lignification {unknown}
 w - 2 potions of flight
 x - a potion of brilliance {unknown}
 A - a potion of degeneration {unknown}
 C - 4 potions of haste {unknown}
 E - a potion of heal wounds {unknown}
 H - a potion of invisibility {unknown}
 L - a potion of mutation {unknown}


   Skills:
 + Level 3.2 Fighting
 - Level 3.0 Armour
 - Level 3.1 Dodging
 - Level 3.0 Stealth
 * Level 12.3 Spellcasting
 + Level 6.8 Conjurations
 - Level 5.0 Summonings
 - Level 1.1 Translocations
 + Level 3.0 Fire Magic
 - Level 2.0 Air Magic
 - Level 1.0 Poison Magic
 - Level 2.1 Evocations


You had 23 spell levels left.
You knew the following spells:

 Your Spells              Type           Power      Damage    Failure   Level
a - Magic Dart            Conj           100%       1d8       1%          1
b - Mephitic Cloud        Conj/Pois/Air  34%        N/A       1%          3
c - Call Imp              Summ           43%        N/A       1%          2
d - Blink                 Tloc           44%        N/A       2%          2
e - Foxfire               Conj/Fire      100%       2x1d9     1%          1

Your spell library contained the following spells:

 Spells                   Type           Power      Damage    Failure   Level
 Necrotise                Necr           64%        1d7       2%          1
 Slow                     Hex            64%        N/A       2%          1
 Cigotuvi's Dreadful Rot  Necr/Pois/Air  44%        N/A       2%          2
 Vampiric Draining        Necr           16%        2d7       7%          3
 Agony                    Necr           16%        N/A       52%         5


Dungeon Overview and Level Annotations

Branches:
Dungeon (7/15)             Temple (1/1) D:4

Altars:
Ashenzari
Cheibriados
Dithmenos
Fedhas
Gozag
Hepliaklqana
Kikubaaqudgha
Okawaru
Qazlal
Ru
Sif Muna
Trog
Vehumet
Wu Jian
Yredelemnul
Zin

Shops:
D:6 [

Annotations:
D:7 2 transporters, yumyumyeen's ghost, novice DsMo


Message History

The foxfire hits the wight.
The wight is almost destroyed.
Casting: Magic Dart (safe; 1% risk of failure)
Confirm with . or Enter, or press ? or * to list all spells.
You conjure some foxfire!
You whack the wight! You burn the wight.
You destroy the wight!
Vehumet accepts your kill.
The foxfire hits the wight.
The wight is lightly damaged.
The foxfire hits the wight.
The wight is moderately damaged.
Your Fire Magic skill increases to level 3!
Casting: Foxfire (safe; 1% risk of failure)
Confirm with . or Enter, or press ? or * to list all spells.
You conjure some foxfire!
The wight hits you with a +4 scimitar.
You feel drained.
Things that are here:
a +4 war axe; a +0 robe Your foxfire dissipates!
The wight attacks as you move away! The wight hits you with a +4 scimitar!
The foxfire hits the wight!
The wight is severely damaged.
Casting: Foxfire (safe; 1% risk of failure)
Confirm with . or Enter, or press ? or * to list all spells.
You conjure some foxfire!
The wight hits you with a +4 scimitar!
* * * LOW HITPOINT WARNING * * *
You barely miss the wight.
The wight is severely damaged.
The foxfire hits the wight but does no damage.
The wight is severely damaged.
The foxfire hits the wight.
The wight is almost destroyed.
The wight closely misses you.
Casting: Foxfire (safe; 1% risk of failure)
Confirm with . or Enter, or press ? or * to list all spells.
You conjure some foxfire!
The wight hits you with a +4 scimitar.
* * * LOW HITPOINT WARNING * * *
You feel drained.
You die...

# #.#..# #.# ########.#..# #.#
>.......<...# #.#
######......# #.# #.#.#### #z#
#.#.# #.# ######.#.# #.#
.........# #############.#
)......#########@z.........).#
)########......vv#############
.########.######## ..........#
###########


You could see a wight (ally target).

Vanquished Creatures
  A kobold demonologist (D:3)
  The ghost of bande the Chopper, an amateur GrFi of Okawaru (D:5)
  A water moccasin (D:5)
  Duvessa (D:4)
  2 ice beasts
  2 sky beasts (D:7)
  6 black bears
  An ogre (D:5)
  2 phantoms
  Blork the orc (D:4)
  A bullfrog (D:7)
  4 necrophages
  2 wights (D:7)
  A scorpion (D:4)
  A water moccasin skeleton (D:5)
  Dowan (D:4)
  A howler monkey (D:5)
  A centaur zombie (D:5)
  2 bullfrog zombies (D:5)
  2 hounds
  A jelly (D:6)
  4 orc priests
  A centaur skeleton (D:5)
  A bullfrog skeleton (D:5)
  A scorpion zombie (D:5)
  5 iguanas
  2 orc wizards
  A hound zombie (D:5)
  Robin (D:4)
  A howler monkey skeleton (D:5)
  2 gnolls (D:6)
  10 adders
  2 shadow imps (D:3)
  2 ufetubi (D:4)
  2 adder zombies (D:3)
  An adder skeleton (D:5)
  2 worms (D:3)
  A dart slug (D:4)
  16 orcs
  4 bats
  5 endoplasms
  3 giant cockroaches
  14 goblins
  7 hobgoblins
  4 jackals
  7 kobolds
  5 quokkas
  3 ball pythons (D:1)
  3 frilled lizards
  6 rats
151 creatures vanquished.

Vanquished Creatures (collateral kills)
  An orc warrior (D:6)
  An ice beast (D:5)
  A gnoll bouda (D:6)
  A gnoll (D:6)
4 creatures vanquished.

Vanquished Creatures (others)
  135 foxfires
  4 withered plants (D:5)
139 creatures vanquished.

Grand Total: 294 creatures vanquished

Notes
Turn   | Place    | Note
-------+----------+-------------------------------------------
     0 | D:1      | pokeman the Deep Elf Hedge Wizard began the quest for the
                  | Orb.
     0 | D:1      | Reached XP level 1. HP: 10/10 MP: 7/7
   263 | D:1      | Reached XP level 2. HP: 13/16 MP: 0/9
  1194 | D:2      | Reached skill level 5 in Spellcasting
  1288 | D:2      | Identified the +7 whip "Oduados" {flame, Str+2}
  1437 | D:2      | Reached XP level 3. HP: 19/20 MP: 9/11
  1441 | D:2      | Learned a level 3 spell: Mephitic Cloud
  1444 | D:2      | Learned a level 2 spell: Call Imp
  1447 | D:2      | Learned a level 2 spell: Blink
  1769 | D:2      | Identified the +1 leather armour of the Abyss {Dex-2 SInv
                  | Stlth+}
  2044 | D:2      | Reached skill level 1 in Fighting
  2044 | D:2      | Reached skill level 1 in Armour
  2310 | D:3      | Found a transporter.
  2313 | D:3      | Noticed a kobold demonologist
  2442 | D:3      | Found a basalt altar of Yredelemnul.
  2476 | D:3      | Found a transporter.
  2595 | D:3      | Reached XP level 4. HP: 25/25 MP: 11/13
  2710 | D:3      | Identified the ring of New Discoveries {Wiz Str-5 Int+3
                  | Dex+7 Stlth+}
  3212 | D:3      | Reached skill level 6 in Spellcasting
  3212 | D:3      | Reached XP level 5. HP: 29/29 MP: 10/15
  3219 | D:3      | Killed a kobold demonologist
  3220 | D:3      | Reached skill level 7 in Spellcasting
  3220 | D:3      | Reached skill level 1 in Air Magic
  3220 | D:3      | Reached XP level 6. HP: 34/34 MP: 3/18
  3494 | D:4      | Reached XP level 7. HP: 38/38 MP: 12/20
  3592 | D:4      | Noticed Robin
  3602 | D:4      | Killed Robin
  3603 | D:4      | Reached skill level 1 in Poison Magic
  3794 | D:4      | Noticed Blork the orc
  3812 | D:4      | Killed Blork the orc
  3813 | D:4      | Reached skill level 8 in Spellcasting
  3921 | D:4      | Noticed Dowan
  3922 | D:4      | Noticed Duvessa
  3932 | D:4      | Killed Dowan
  4245 | D:4      | Found a staircase to the Ecumenical Temple.
  4254 | Temple   | Entered the Ecumenical Temple
  4629 | D:4      | You fall into a shaft and drop 2 floors!
  4712 | D:6      | Reached skill level 9 in Spellcasting
  4712 | D:6      | Reached XP level 8. HP: 32/44 MP: 15/23
  4927 | D:5      | Entered Level 5 of the Dungeon
  4944 | D:5      | Found a radiant altar of Vehumet.
  4952 | D:5      | Became a worshipper of Vehumet
  5024 | D:5      | Reached skill level 5 in Conjurations
  5108 | D:5      | Reached skill level 10 in Spellcasting
  6163 | D:4      | Killed Duvessa
  6303 | D:5      | Reached XP level 9. HP: 47/48 MP: 17/25
  6439 | D:5      | Found a hazy altar of Hepliaklqana.
  6439 | D:5      | Found a stormy altar of Qazlal.
  6457 | D:5      | HP: 2/48 [poisoned by a water moccasin]
  6876 | D:5      | Reached * piety under Vehumet
  6876 | D:5      | Offered knowledge of Foxfire by Vehumet.
  6877 | D:5      | Reached skill level 11 in Spellcasting
  6879 | D:5      | Learned a level 1 spell: Foxfire
  6968 | D:5      | Found a runed translucent gate.
  6968 | D:5      | Found a runed translucent gate.
  6969 | D:5      | Found a runed translucent gate.
  6976 | D:5      | Noticed bande's ghost (amateur GrFi)
  7093 | D:5      | Killed bande's ghost
  7304 | D:6      | Found Gubbodag's Armour Boutique.
  7535 | D:6      | Reached skill level 5 in Summonings
  7535 | D:6      | Reached skill level 1 in Fire Magic
  8148 | D:7      | Reached skill level 12 in Spellcasting
  8165 | D:7      | Found a transporter.
  8237 | D:7      | Found a transporter.
  8290 | D:7      | Noticed yumyumyeen's ghost (novice DsMo)
  8581 | D:7      | HP: 2/47 [wight/+4 scimitar (6)]
  8581 | D:7      | Slain by a wight

Illustrated notes

Levels and vault maps discovered:
D:1:      saegor_arrival_under_anarchy, layout_basic,
          hangedman_decor_peaks_small, minmay_misc_feat_four_crosses,
          corexii_corridor_pit
D:2:      layout_loops_corners
D:3:      gammafunk_wand_slinger, layout_basic, lemuel_zombie_altar_yredelemnul
D:4:      layout_basic, temple_fountains, kennysheep_generic_room_16,
          uniq_robin, uniq_duvessa, uniq_blork_the_orc
D:5:      layout_rooms, nicolae_vehumet_altar_sigil,
          gammafunk_temple_overflow_pools, serial_undead, serial_undead_e,
          serial_undead_e, serial_undead_f, serial_undead_d,
          gammafunk_ghost_necromancy, abandoned_shop, minmay_joined_circles
D:6:      layout_basic, chequers_serial_rivers_micro_d, minmay_shop_grid_forest,
          minmay_puff
D:7:      layout_loops_ring, nzn_ghost_randoct
Temple:   nicolae_temple_bog_church

Skill      XL: |  1  2  3  4  5  6  7  8  9 |
---------------+----------------------------+-----
Spellcasting   | 5 6 7 9 10 12 | 12.3
Fighting       | 1 2 3 |  3.2
Armour         | 1 2 3 |  3.0
Conjurations   | 2 3 4 5 6 |  6.8
Stealth        | 3 |  3.0
Dodging        | 3 |  3.1
Air Magic      | 1 2 |  2.0
Evocations     | 2 |  2.1
Poison Magic   | 1 |  1.0
Summonings     | 2 4 5 |  5.0
Fire Magic     | 3 |  3.0
Translocations | |  1.1

Action                   |  1- 3 |  4- 6 |  7- 9 || total
-------------------------+-------+-------+-------++-------
Melee: Dagger            |     5 |       |       ||     5
       Whip              |     9 |       |   155 ||   164
       Punch             |       |       |     1 ||     1
 Cast: Magic Dart        |    91 |    51 |   142 ||   284
       Mephitic Cloud    |     2 |     3 |    31 ||    36
       Call Imp          |       |       |    22 ||    22
       Blink             |       |       |     6 ||     6
       Foxfire           |       |       |    82 ||    82
  Use: Potion            |       |       |     3 ||     3
 Stab: Sleeping          |     1 |       |     1 ||     2
       Confused          |     1 |       |    14 ||    15
Armor: Robe              |     1 |       |       ||     1
       Leather armour    |     4 |     1 |    61 ||    66
Dodge: Dodged            |    16 |     1 |    78 ||    95

Table legend: (Time is in decaauts)
 A = Elapsed time spent in this place.
 B = Non-inter-level travel time spent in this place.
 C = Inter-level travel time spent in this place.
 D = Time resting spent in this place.
 E = Time spent auto-exploring this place.
 F = Levels seen in this place.
 G = Mean time per level.
                   A        B        C        D        E       F      G
               +--------+--------+--------+--------+--------+-----+--------+
         Total |   8614 |   8354 |    260 |    764 |   5950 |   8 | 1076.8 |
       Dungeon |   8414 |   8169 |    245 |    764 |   5779 |   7 | 1202.0 |
        Temple |    199 |    184 |     15 |      0 |    171 |   1 |  199.0 |
               +--------+--------+--------+--------+--------+-----+--------+

Top non-repeatable levels by time:
     D:4: 1567 daAuts
     D:5: 1524 daAuts
     D:3: 1522 daAuts
     D:2: 1118 daAuts
     D:1: 1073 daAuts
     D:6: 1037 daAuts
     D:7: 570 daAuts
  Temple: 199 daAuts
